Map: Orbital Shipyard

Players

Amane

  • Race: Protoss Protoss
  • League: Grandmaster

WAR - Winner!

  • Race: Terran Terran
  • League: Grandmaster

VOD

Have the link to the VOD?

Description

1. 0:01 build scv / send scv
2. 0:10 send scv
3. 0:13 Supply depot
4. 0:20 send scv
5. 0:35 build barracks same time as supply (step 3 finish)!
6. 0:45 build barracks (2nd)
7. 1:00 build barracks (3rd)
8. 1:05 build scv (this will be your last scv)
9. 1:25 build barracks (4th)
10. 1:55 build supply depot

Keep all barracks producing as soon as they finish! There may be a case were you do not break them in that situation upgrade to an orbital or make a supp and continue with the all in! You can beat just about anyone with this build up through grandmaster.

Time

  • Played on: Dec. 10, 2015, 12:44 p.m.
  • Length: 4:19
Show
View Real Time Build Order
Export as new Build Order

Amane Protoss 

Build Orders: 1 Gate Expand 

Get SALT Encoding   

  12  0:00  Probe (Chrono Boost)  
  13  0:11  Probe (Chrono Boost)  
  14  0:17  Pylon  
  14  0:22  Probe (Chrono Boost)  
  16  0:35  Probe (Chrono Boost)  
  16  0:44  Gateway  
  16  0:46  Probe (Chrono Boost)  
  17  1:06  Nexus  
  17  1:10  Probe (Chrono Boost)  
  18  1:14  Assimilator  
  18  1:20  Probe (Chrono Boost)  
  18  1:22  Assimilator  
  19  1:33  Cybernetics Core  
  19  1:38  Probe (Chrono Boost)  
  20  1:41  Pylon  
  20  1:48  Probe (Chrono Boost)  
  21  1:59  Probe (Chrono Boost)  
  22  2:10  Mothership Core (Chrono Boost), Adept  
  26  2:18  Probe (Chrono Boost)  
  27  2:28  Probe (Chrono Boost)  
  27  2:29  Probe (Chrono Boost)  
  29  2:34  Pylon  
  29  2:35  Pylon  
  28  2:44  Gateway  
  26  3:08  Gateway  
  26  3:11  Gateway  
  26  3:12  Probe (Chrono Boost)  
  26  3:31  Zealot (Chrono Boost)  
  26  3:33  Cybernetics Core  
  28  3:43  Probe  
  28  3:46  Probe  
  28  4:08  Pylon  
Show
View Real Time Build Order
Export as new Build Order

WAR Terran - Winner!

Build Orders:  

Get SALT Encoding   

  12  0:01  SCV  
  13  0:13  Supply Depot  
  13  0:40  Barracks  
  13  0:46  Barracks  
  13  1:03  Barracks  
  13  1:08  SCV  
  14  1:27  Marine  
  14  1:29  Barracks  
  15  1:33  Marine  
  16  1:45  Marine  
  17  1:50  Marine  
  17  1:52  Marine  
  19  1:56  Supply Depot  
  19  2:03  Marine  
  20  2:09  Marine  
  20  2:10  Marine  
  22  2:20  Marine  
  22  2:21  Marine  
  24  2:26  Marine  
  25  2:33  Marine  
  25  2:38  Marine  
  25  2:42  Marine  
  27  2:44  Marine  
  28  2:51  Marine  
  28  2:55  Marine  
  30  3:05  Marine x2  
  31  3:53  Marine  
Tags
 
Add a new tag
Caveats
  • Supply blocks, unpowered buildings, or Contaminate may cause inaccurate times.
  • Supply counts are checked every 10 seconds.